 Dungeon Crawl Stone Soup version 0.29-a0-664-gff9cad4a3d (webtiles) character file.

Game seed: 14399124295975433730

14221 buhh the Fighter (level 12, -3/107 HPs)
             Began as a Formicid Fighter on June 23, 2022.
             Slain by a basilisk (4 damage)
             ... while petrified by a basilisk
             ... on level 1 of the Lair of Beasts.
             The game lasted 00:39:27 (18608 turns).

buhh the Fighter (Formicid Fighter)                Turns: 18608, Time: 00:39:27

Health: -3/107     AC: 17    Str: 29    XL:     12   Next: 42%
Magic:  12/12      EV:  2    Int:  5    God:
Gold:   693        SH:  0    Dex: 13    Spells: 11/11 levels left

rFire   + . .      SeeInvis +   W - -1 demon whip (venom)
rCold   + . .      Faith    .   j - +2 buckler
rNeg    + + +      Spirit   .   B - +2 scale mail of the Amoeba {rN++ Str+4}
rPois   ∞          Reflect  .   (helmet unavailable)
rElec   .          Harm     .   V - +0 cloak {Will+}
rCorr   .          Rampage  .   h - +2 pair of gloves
Will    ++...                   e - +2 pair of boots of Wicoxegu {rF+ rC+ Int-4}
Stlth   ..........              (no amulet)
HPRegen 0.27/turn               (no ring)
MPRegen 0.13/turn               (no ring)

@: petrified
A: permanent stasis, dig shafts and tunnels, antennae 3, four strong arms
a: Dig, Shaft Self


You were on level 1 of the Lair of Beasts.
You visited 3 branches of the dungeon, and saw 16 of its levels.
You also visited: Sewer and Bailey.

You collected 693 gold pieces.

Inventory:

Hand Weapons
 a - a +1 flail
 W - a -1 demon whip of venom (weapon)
Missiles
 l - 8 poisoned darts
 x - 5 throwing nets {!f}
 D - 6 curare-tipped darts
 L - 3 javelins
Armour
 e - the +2 pair of boots of Wicoxegu (worn) {rF+ rC+ Int-4}
   (You acquired it on level 8 of the Dungeon)

   Int:       It affects your intelligence (-4).
   rF:        It protects you from fire.
   rC:        It protects you from cold.
 h - a +2 pair of gloves (worn)
 j - a +2 buckler (worn)
 m - a scarf of repulsion
 u - a +0 pair of boots
 y - a +2 cloak
 B - the +2 scale mail of the Amoeba (worn) {rN++ Str+4}
   (You found it on level 4 of the Dungeon)

   Str:       It affects your strength (+4).
   rN:        It greatly protects you from negative energy.
 V - a +0 cloak of willpower (worn)
Magical Staves
 q - a staff of fire
Jewellery
 i - the amulet "Foajet" {Reflect Harm Str+2 SH+5}
   (You found it in a bailey)

   [amulet of reflection]

   It reflects blocked missile attacks.
   Str:       It affects your strength (+2).
   SH:        It affects your SH (+5).
   Harm:      It increases damage dealt and taken.
 E - a ring of fire
 I - an amulet of reflection
 J - a +4 ring of evasion
 O - a ring of fire
 U - a ring of see invisible
Wands
 v - a wand of digging (2)
 H - a wand of flame (46)
Scrolls
 c - 4 scrolls of blinking {!d}
 g - 2 scrolls of identify {!d}
 k - a scroll of fear {unknown}
 s - 3 scrolls of vulnerability
 t - 8 scrolls of teleportation {!d}
 A - 2 scrolls of silence {!r}
 F - 2 scrolls of amnesia {unknown}
 P - 2 scrolls of magic mapping {!r!d}
 Q - 3 scrolls of fog
 R - a scroll of torment
 T - a scroll of immolation {!d}
 Z - 3 scrolls of enchant armour
Potions
 b - 6 potions of lignification {unknown}
 d - 4 potions of attraction
 f - a potion of might
 n - 3 potions of flight {unknown}
 o - 2 potions of haste {unknown}
 p - 4 potions of berserk rage {unknown}
 r - a potion of mutation {unknown}
 w - a potion of experience {unknown}
 z - a potion of ambrosia {unknown}
 C - a potion of cancellation {unknown}
 G - a potion of magic {unknown}
 K - 3 potions of brilliance {!q!d}
 N - 7 potions of curing {!q!d}
Miscellaneous
 S - a tin of tremorstones (inert)


   Skills:
 - Level 14.1 Fighting
 + Level 13.4 Maces & Flails
 * Level 7.3 Armour
 - Level 4.0 Shields


You had 11 spell levels left.
You didn't know any spells.
Your spell library contained the following spells:

 Spells                   Type           Power      Damage    Failure   Level
 Apportation              Tloc           0%         N/A       77%         1
 Sandblast                Erth           0%         2d4       77%         1
 Passwall                 Tmut/Erth      0%         N/A       88%         2
 Stone Arrow              Conj/Erth      0%         3d7       98%         3
 Hailstorm                Conj/Ice       0%         3d3       100%        4
 Ice Form                 Ice/Tmut       0%         N/A       100%        4
 Alistair's Intoxication  Tmut/Pois      0%         N/A       100%        5
 Simulacrum               Ice/Necr       0%         N/A       100%        6


Dungeon Overview and Level Annotations

Branches:
Dungeon (14/15) Zot: 25937  Temple (1/1) D:6 Zot: 5555    Lair (1/6) D:10 Zot: 5517
  Sewer (visited)          Bailey (visited)
    Orc: D:9-12      Vaults: D:13-14

Altars:
Ashenzari
Cheibriados
Dithmenos
Elyvilon
Fedhas
Gozag
Hepliaklqana
Kikubaaqudgha
Makhleb
Nemelex Xobeh
Okawaru
Qazlal
Ru
Sif Muna
Trog
Uskayaw
Vehumet
Wu Jian
Xom
Yredelemnul
Zin
The Shining One

Shops:
D:4 (

Portals:
Trove: D:10 (show slimy rune of Zot)

Annotations:
D:4 exclusion: statue
D:7 2 transporters, om's ghost, novice TrBe
D:8 2 transporters
D:11 Urug
Lair:1 Grum


Innate Abilities, Weirdness & Mutations

You cannot be hasted, slowed, berserked, paralysed or teleported.
You can dig through walls and to a lower floor.
You have a pair of large antennae on your head. (SInv)
Your four strong arms can wield two-handed weapons with a shield.


Message History

The basilisk gazes at you.
You are slowing down.
Are you sure you want to shaft yourself?
The wolf bites you but does no damage. The wolf bites you.
Grum hits you from afar with a +0 spear of freezing!
* * * LOW HITPOINT WARNING * * *
Grum freezes you.
The basilisk bites you but does no damage.
Your limbs are stiffening.
You begin to dig a shaft.
You continue digging a shaft.
The wolf bites you.
* * * LOW HITPOINT WARNING * * *
The wolf barely misses you. Grum hits you but does no damage.
The basilisk bites you but does no damage.
The wolf barely misses you. You block the basilisk's attack.
You block Grum's attack.
You have turned to stone.
The wolf bites you but does no damage. The basilisk gazes at you.
You resist with almost no effort. Grum hits you but does no damage.
The wolf bites you but does no damage. The wolf bites you but does no damage.
The basilisk bites you!
* * * LOW HITPOINT WARNING * * *
Grum hits you from afar with a +0 spear of freezing!
* * * LOW HITPOINT WARNING * * *
Grum freezes you. The wolf bites you!
* * * LOW HITPOINT WARNING * * *
The wolf bites you but does no damage.
Grum hits you from afar with a +0 spear of freezing!
* * * LOW HITPOINT WARNING * * *
Grum freezes you.
* * * LOW HITPOINT WARNING * * *
The basilisk barely misses you. The wolf bites you but does no damage.
The wolf bites you.
* * * LOW HITPOINT WARNING * * *
The basilisk bites you!
* * * LOW HITPOINT WARNING * * *
Grum hits you from afar with a +0 spear of freezing.
The wolf bites you but does no damage. The basilisk bites you!
You die...

.# #...##...# ##
..P###..####..###.#####
......................#
......................P
#P#..####..###...#####
# #.. #..# ##..# #..
#..# #..#### #. #..#
#..#..### ...#
#.@.....# ..# #lh.....#
#.g###### #..# #..###
#...P#### #.......#
#.......# #...##(##


You could see Grum, a basilisk (poisoned) and a wolf.

Vanquished Creatures
  Snorg (D:10)
  Harold (D:10)
  A hydra (D:11)
  A two-headed ogre (D:8)
  Amaemon (Lair:1)
  An orc knight (Bailey)
  2 manticores (D:12)
  A cyclops (D:9)
  Maurice (D:11)
  Psyche (D:11)
  An orange demon (Lair:1)
  An unseen horror (D:13)
  2 trolls
  A hornet (D:10)
  Grinder (D:5)
  Prince Ribbit (D:8)
  A wyvern (D:10)
  Sigmund (D:5)
  15 yaks
  A vampire (D:9)
  A steam dragon (D:9)
  3 vampire mosquitoes (D:12)
  A water moccasin (D:7)
  12 orc warriors
  A sky beast (D:7)
  An ice beast (D:6)
  A black bear (D:6)
  2 wolves (Lair:1)
  5 centaurs
  2 kobold brigands (D:6)
  A bullfrog (D:7)
  A gnoll sergeant (D:7)
  3 necrophages
  4 scorpions
  4 wights (D:10)
  6 killer bees
  4 howler monkeys
  A jelly (D:3)
  4 orc priests
  Ijyb (D:4)
  6 orc wizards
  An iguana (D:6)
  12 gnolls
  13 adders
  2 river rats (Sewer)
  2 white imps
  A worm (D:4)
  5 dart slugs
  33 orcs
  6 ball pythons
  8 endoplasms
  2 giant cockroaches
  3 hobgoblins
  9 jackals
  19 kobolds
  4 quokkas
  5 bats
  4 frilled lizards
  17 goblins
  3 rats
249 creatures vanquished.

Vanquished Creatures (others)
  A manticore (D:12)
  2 fungi (Lair:1)
  13 plants
16 creatures vanquished.

Grand Total: 265 creatures vanquished

Notes
Turn   | Place    | Note
-------+----------+-------------------------------------------
     0 | D:1      | buhh the Formicid Fighter began the quest for the Orb.
     0 | D:1      | Reached XP level 1. HP: 18/18 MP: 1/1
   242 | D:1      | Reached XP level 2. HP: 20/24 MP: 2/2
   889 | D:1      | Found a faded altar of an unknown god.
  1214 | D:1      | Reached XP level 3. HP: 19/30 MP: 3/3
  1579 | D:2      | Reached skill level 4 in Fighting
  1659 | D:2      | You fall into a shaft and drop 2 floors!
  1961 | D:4      | Reached XP level 4. HP: 17/37 MP: 4/4
  2241 | D:4      | Identified the +4 spear of Duedosi {flame, rElec rC+ rCorr
                  | SInv}
  2297 | D:4      | Found a radiant altar of Vehumet.
  2297 | D:4      | Noticed a charred statue
  2455 | D:4      | Noticed Ijyb
  2490 | D:4      | Killed Ijyb
  2491 | D:4      | Reached XP level 5. HP: 33/43 MP: 5/5
  2655 | D:3      | Found a glowing drain.
  2667 | D:3      | Reached skill level 5 in Fighting
  2674 | Sewer    | Entered a sewer
  3005 | Sewer    | Reached XP level 6. HP: 44/51 MP: 6/6
  5752 | D:4      | Identified the +2 scale mail of the Amoeba {rN++ Str+4}
  5884 | D:4      | Reached skill level 6 in Fighting
  5904 | D:4      | Reached XP level 7. HP: 15/58 MP: 7/7
  6206 | D:4      | Found Ysock's Antique Weapon Emporium.
  6498 | D:4      | Found a glowing silver altar of Zin.
  6648 | D:5      | Entered Level 5 of the Dungeon
  6648 | D:5      | Found a white marble altar of Elyvilon.
  6651 | D:5      | Noticed Sigmund
  6658 | D:5      | Killed Sigmund
  6938 | D:5      | Noticed Grinder
  6954 | D:5      | Killed Grinder
  6955 | D:5      | Reached skill level 7 in Fighting
  6955 | D:5      | Reached XP level 8. HP: 67/67 MP: 8/8
  6970 | D:5      | Identified the +3 hunting sling "Earthworm" {venom, Dex+3}
  8022 | D:6      | Reached skill level 8 in Fighting
  8032 | D:6      | Found a staircase to the Ecumenical Temple.
  8164 | Temple   | Entered the Ecumenical Temple
  9012 | D:6      | Reached XP level 9. HP: 57/75 MP: 9/9
  9094 | D:6      | Found a shimmering blue altar of Sif Muna.
  9112 | D:6      | Reached skill level 9 in Fighting
 10303 | D:7      | Found a transporter.
 10315 | D:7      | Noticed om's ghost (novice TrBe)
 10336 | D:7      | Found a transporter.
 10474 | D:7      | Found a shadowy altar of Dithmenos.
 10777 | D:7      | Reached skill level 10 in Fighting
 10860 | D:7      | Found a stormy altar of Qazlal.
 10978 | D:8      | Noticed Prince Ribbit
 11004 | D:8      | Killed Prince Ribbit
 11142 | D:8      | Noticed a two-headed ogre
 11437 | D:8      | Killed a two-headed ogre
 11438 | D:8      | Reached skill level 11 in Fighting
 11438 | D:8      | Reached XP level 10. HP: 57/87 MP: 10/10
 11680 | D:8      | Noticed a centaur warrior
 11680 | D:8      | Noticed a red ugly thing
 11681 | D:8      | Found a transporter.
 11681 | D:8      | Found a transporter.
 11684 | D:8      | Found an opulent altar of Gozag.
 11684 | D:8      | Found an iron altar of Okawaru.
 11684 | D:8      | Found a hazy altar of Hepliaklqana.
 11698 | D:8      | Identified a scroll of acquirement
 11698 | D:8      | Acquired the +2 pair of boots of Wicoxegu {rF+ rC+ Int-4}
 11772 | D:8      | Noticed a yaktaur
 11773 | D:8      | Noticed a guardian serpent
 11773 | D:8      | a yaktaur changed into a guardian serpent
 11792 | D:8      | a guardian serpent changed into a floating eye
 12060 | D:9      | Found a flagged portal.
 12087 | Bailey   | Entered a bailey
 12457 | Bailey   | Reached skill level 12 in Fighting
 12540 | Bailey   | Reached skill level 11 in Maces & Flails
 13161 | Bailey   | Noticed an orc knight
 13181 | Bailey   | Killed an orc knight
 13182 | Bailey   | Reached XP level 11. HP: 29/96 MP: 11/11
 13186 | Bailey   | Identified the amulet "Foajet" {Reflect Harm Str+2 SH+5}
 13664 | D:9      | Found the +2 ratskin cloak {*Rats rPois rN+ Str-1 Int-1
                  | Dex+1}
 14221 | D:9      | Noticed a cyclops
 14228 | D:9      | Killed a cyclops
 14532 | D:10     | Entered Level 10 of the Dungeon
 14543 | D:10     | Found a staircase to the Lair.
 14704 | D:10     | Reached skill level 13 in Fighting
 15139 | D:10     | Noticed Snorg
 15143 | D:10     | Killed Snorg
 15166 | D:10     | Found a basalt altar of Yredelemnul.
 15708 | D:10     | Found a portal to a secret trove of treasure.
 15728 | D:10     | Noticed Harold
 15745 | D:10     | Killed Harold
 15860 | D:11     | Noticed an eight-headed hydra
 15864 | D:11     | Killed an eight-headed hydra
 15865 | D:11     | Reached skill level 14 in Fighting
 16273 | D:11     | Reached XP level 12. HP: 102/107 MP: 12/12
 16312 | D:11     | Noticed Urug
 16322 | D:11     | You fall into a shaft and drop 1 floor!
 16384 | D:12     | HP: 2/107 [manticore (21)]
 16940 | D:12     | Noticed a four-headed hydra
 16943 | D:12     | You fall into a shaft and drop 2 floors!
 17031 | D:14     | Found an opulent altar of Gozag.
 17052 | D:14     | Noticed a +7 long sword
 17053 | D:14     | Noticed a +5 long sword
 17253 | D:11     | Noticed Maurice
 17279 | D:11     | Killed Maurice
 17490 | D:11     | Noticed Psyche
 17503 | D:11     | Killed Psyche
 17624 | D:11     | Found the +8 trident of the Octopus King {venom, rElec
                  | rPois}
 17824 | Lair:1   | Entered Level 1 of the Lair of Beasts
 17882 | Lair:1   | Noticed Amaemon
 17945 | Lair:1   | Killed Amaemon
 18574 | Lair:1   | Noticed Grum
 18607 | Lair:1   | HP: 1/107 [basilisk (5)]
 18608 | Lair:1   | Slain by a basilisk

Illustrated notes

Levels and vault maps discovered:
D:1:      ncdulo_watergridlock, layout_basic, chequers_ecumenical_altar_twisty
D:2:      layout_loops_ring, chequers_avenue
D:3:      layout_rooms, portal_sewer_entry_f
D:4:      kennysheep_the_goblin_king, layout_loops_ring, vehumet_statue,
          zin_academy, serial_shops, nicolae_inconvenience_store, minmay_vboxes
D:5:      layout_gridville, mainiacjoe_overflow_concentric_impassable,
          uniq_sigmund, uniq_grinder
D:6:      layout_basic, kennysheep_orc_sif_temple, minmay_temple_entry_glass
D:7:      layout_loops_ring, mainiacjoe_overflow_chevrons,
          nicolae_qazlal_general_emergency, gammafunk_ghost_stat_death
D:8:      layout_basic, gammafunk_temple_overflow_arena, uniq_prince_ribbit1
D:9:      layout_basic, enter_bailey_5
D:10:     layout_basic, lemuel_tele_altar, lair_entry_dummy,
          nicolae_trove_entry_columns, eino_curves_03, uniq_harold, uniq_snorg
D:11:     layout_loops_ring, uniq_maurice, uniq_sonja, uniq_urug, uniq_psyche
D:12:     minmay_the_grid_square_5x5_5x5_mashed
          [minmay_the_grid_square_5x5_bite, minmay_the_grid_square_5x5_six,
          minmay_the_grid_square_5x5_two, minmay_the_grid_square_5x5_checkered,
          minmay_the_grid_square_5x5_intrusive_squares,
          minmay_the_grid_square_5x5_three_small,
          minmay_the_grid_square_5x5_prize_open,
          minmay_the_grid_square_5x5_inner_z,
          minmay_the_grid_square_5x5_prize_open,
          minmay_the_grid_square_5x5_empty, minmay_the_grid_square_5x5_shrine1,
          minmay_the_grid_square_5x5_gyroscope,
          minmay_the_grid_square_5x5_prize_deathbox,
          minmay_the_grid_square_5x5_percent,
          minmay_the_grid_square_5x5_minimal,
          minmay_the_grid_square_5x5_eight_small,
          minmay_the_grid_square_5x5_prize_itemx, minmay_the_grid_square_5x5_c,
          minmay_the_grid_square_5x5_prize_waves,
          minmay_the_grid_square_5x5_beaten_path,
          minmay_the_grid_square_5x5_tri_point, minmay_the_grid_square_5x5_v,
          minmay_the_grid_square_5x5_detours,
          minmay_the_grid_square_5x5_inverted_slash,
          minmay_the_grid_square_5x5_shuriken], layout_rooms, david_orc_4,
          nrook_guardian_serpent_double
D:13:     layout_gridville, serial_shops, shop, shop, serial_park_tiny_2,
          nicolae_ru_sacrificial_ziggurat
D:14:     layout_irregular_city, erik_vaults_1, grunt_gozag_statues,
          chequers_serial_rivers_micro_e, uniq_jorgrun
Temple:   minmay_temple_forest_path
Lair:1:   layout_small_grid, chequers_serial_rivers_micro_b,
          beast_lair_carwin_10, lemuel_fruit_tree, serial_bayou_shore_b,
          uniq_grum, uniq_amaemon, uniq_nergalle

Skill      XL: |  1  2  3  4  5  6  7  8  9 10 11 12 |
---------------+-------------------------------------+-----
Fighting       | 4 5 6 7 8 11 12 14 | 14.1
Maces & Flails | 3 4 5 6 7 10 11 12 13 | 13.4
Armour         | 4 7 |  7.3
Shields        | |  4.0

Action                   |  1- 3 |  4- 6 |  7- 9 | 10-12 || total
-------------------------+-------+-------+-------+-------++-------
Melee: Flail             |    76 |   243 |   278 |   411 ||  1008
       Demon whip        |       |       |       |     9 ||     9
 Abil: Dig               |     2 |     2 |       |       ||     4
       Shaft Self        |     1 |       |       |     3 ||     4
Evoke: Wand              |       |       |     9 |    27 ||    36
       Tin of tremorston |       |       |       |     2 ||     2
  Use: Scroll            |       |     5 |    11 |    12 ||    28
       Potion            |       |     1 |     1 |     7 ||     9
 Stab: Held in net/web   |       |       |       |     2 ||     2
Armor: Scale mail        |    40 |   132 |   120 |   197 ||   489
Dodge: Dodged            |    42 |   119 |   110 |   140 ||   411
       Repelled          |       |     2 |       |       ||     2
Block: Buckler           |    21 |    74 |    77 |   213 ||   385
       Reflection        |       |       |     4 |    17 ||    21

Table legend: (Time is in decaauts)
 A = Elapsed time spent in this place.
 B = Non-inter-level travel time spent in this place.
 C = Inter-level travel time spent in this place.
 D = Time resting spent in this place.
 E = Time spent auto-exploring this place.
 F = Levels seen in this place.
 G = Mean time per level.
                   A        B        C        D        E       F      G
               +--------+--------+--------+--------+--------+-----+--------+
         Total |  18790 |  18089 |    701 |   3762 |  11461 |  18 | 1043.9 |
       Dungeon |  15386 |  14739 |    647 |   2933 |   9549 |  14 | 1099.0 |
        Temple |    444 |    390 |     54 |      0 |    378 |   1 |  444.0 |
          Lair |    481 |    481 |      0 |    226 |    123 |   1 |  481.0 |
         Sewer |   1068 |   1068 |      0 |     37 |    793 |   1 | 1068.0 |
        Bailey |   1409 |   1409 |      0 |    566 |    617 |   1 | 1409.0 |
               +--------+--------+--------+--------+--------+-----+--------+

Top non-repeatable levels by time:
     D:4: 1926 daAuts
    D:10: 1560 daAuts
     D:1: 1526 daAuts
     D:2: 1471 daAuts
     D:7: 1461 daAuts
  Bailey: 1409 daAuts
     D:5: 1359 daAuts
     D:9: 1278 daAuts
     D:6: 1095 daAuts
   Sewer: 1068 daAuts
    D:11: 1029 daAuts
     D:8: 1013 daAuts
     D:3: 877 daAuts
    D:12: 623 daAuts
  Lair:1: 481 daAuts
